 Dungeon Crawl Stone Soup version 0.29.1-2-gbd0b4ee654 (webtiles) character file.

Game seed: 6984875767637207107

9200 H0rd4k the Martial Artist (level 11, -16/67 HPs)
             Began as an Octopode Transmuter on Oct 21, 2022.
             Was an Initiate of Gozag.
             Demolished by a two-headed ogre
             ... wielding a +0 giant club
              (21 damage)
             ... on level 10 of the Dungeon on Oct 24, 2022.
             The game lasted 00:25:53 (11515 turns).

H0rd4k the Martial Artist (Octopode Transmuter)    Turns: 11515, Time: 00:25:53

Health: -16/67     AC:  6    Str: 10    XL:     11   Next: 42%
Magic:  19/21      EV: 23    Int: 20    God:    Gozag
Gold:   2003       SH:  0    Dex: 17    Spells: 13/24 levels left

rFire   + . .      SeeInvis .     - Unarmed
rCold   . . .      Faith    .   (shield currently unavailable)
rNeg    . . .      Spirit   .   (helmet currently unavailable)
rPois   x          Reflect  .   y - amulet of regeneration
rElec   .          Harm     .   u - ring of resist corrosion
rCorr   +          Rampage  .   v - +4 ring of protection
Will    .....                   I - ring of protection from fire
Stlth   ++........              (no ring)
HPRegen 1.01/turn               (no ring)
MPRegen 0.17/turn               (no ring)
                                (no ring)
                                (no ring)

@: spider-form
A: venomous fangs, almost no armour, (amphibious), 8 rings, tiny, (camouflage
1), (gelatinous body 1), (nimble swimmer 1), (tentacles)
a: End Transformation, Renounce Religion, Potion Petition, Call Merchant, Bribe
Branch


You were on level 10 of the Dungeon.
You worshipped Gozag.
Gozag was most pleased with you.
You were a venomous arachnid creature.
You visited 3 branches of the dungeon, and saw 12 of its levels.
You also visited: Bailey.

You collected 2052 gold pieces.
You paid 49 gold pieces to Gozag.

Inventory:

Missiles
 c - 25 poisoned darts
 e - 4 curare-tipped darts
 G - 3 throwing nets
 K - 5 atropa-tipped darts
Magical Staves
 k - a staff of death
 m - a staff of air
 r - a staff of earth
Jewellery
 u - a ring of resist corrosion (left front leg)
 v - a +4 ring of protection (right front leg)
 y - an amulet of regeneration (around neck)
 I - a ring of protection from fire (on tentacle)
 J - a ring of ice
Wands
 x - a wand of charming (11)
 H - a wand of roots (2)
 M - a wand of polymorph (4)
Scrolls
 b - 3 scrolls of poison
 d - 3 scrolls of blinking
 f - 3 scrolls of immolation
 h - a scroll of torment
 l - a scroll of fear
 n - a scroll of summoning
 o - 4 scrolls of fog
 p - a scroll of amnesia
 q - 2 scrolls of noise
 t - 6 scrolls of teleportation
 w - a scroll of brand weapon
 C - a scroll of silence {unknown}
 F - 2 scrolls of identify
 N - a scroll of vulnerability {unknown}
Potions
 a - a potion of mutation {unknown}
 g - 6 potions of curing
 i - 2 potions of attraction {unknown}
 j - 2 potions of heal wounds {unknown}
 s - a potion of might {unknown}
 z - a potion of degeneration {unknown}
 A - 2 potions of lignification
 B - a potion of cancellation {unknown}
 D - a potion of brilliance {unknown}
 E - 2 potions of haste {unknown}
 L - a potion of berserk rage {unknown}


   Skills:
 + Level 3.4 Fighting
 + Level 6.3 Dodging
 + Level 11.1 Unarmed Combat
 * Level 7.1 Spellcasting
 - Level 2.8 Conjurations
 + Level 2.0 Hexes
 * Level 7.0 Transmutations
 + Level 2.9 Air Magic
 + Level 5.1 Poison Magic
 + Level 0.5 Evocations


You had 13 spell levels left.
You knew the following spells:

 Your Spells              Type           Power      Damage    Failure   Level
a - Beastly Appendage     Tmut           70%        N/A       3%          1
b - Swiftness             Air            18%        N/A       22%         3
c - Spider Form           Tmut/Pois      31%        N/A       9%          3
d - Shock                 Conj/Air       72%        1d7       11%         1
e - Inner Flame           Hex/Fire       11%        N/A       38%         3

Your spell library contained the following spells:

 Spells                   Type           Power      Damage    Failure   Level
 Wereblood                Tmut           35%        N/A       4%          2
 Ignite Poison            Fire/Tmut/Pois 23%        N/A       16%         3
 Necrotise                Necr           28%        1d5       24%         1
 Ensorcelled Hibernation  Hex/Ice        22%        N/A       24%         2
 Conjure Flame            Conj/Fire      12%        6-21      34%         3
 Ice Form                 Ice/Tmut       21%        N/A       43%         4
 Vampiric Draining        Necr           7%         2d6       50%         3
 Airstrike                Air            9%         2d(2-18)  50%         4
 Cause Fear               Hex            7%         N/A       58%         4
 Sticky Flame             Conj/Fire      12%        2d4       67%         4
 Anguish                  Hex/Necr       5%         N/A       73%         4
 Agony                    Necr           7%         N/A       99%         5
 Borgnjor's Vile Clutch   Necr/Erth      3%         N/A       99%         5
 Death Channel            Necr           3%         N/A       100%        6
 Discord                  Hex            7%         N/A       100%        8
 Animate Dead             Necr           Unusable   N/A       N/A         4

Dungeon Overview and Level Annotations

Branches:
Dungeon (10/15)            Temple (1/1) D:4            Lair (1/5) D:8
    Orc (0/2) D:10         Bailey (visited)

Altars:
Ashenzari
Cheibriados
Dithmenos
Fedhas
Gozag
Kikubaaqudgha
Makhleb
Sif Muna
Trog
Uskayaw
Xom
Yredelemnul
Zin
The Shining One

Shops:
D:2 :   D:6 *

Annotations:
D:3 1 exclusion, Terence
D:4 exclusion: 2 downstairs
D:6 exclusions: downstairs and orc warrior
D:7 1 runed translucent door, exclusion: electric eel, Crazy Yiuf
D:8 2 transporters
D:10 exclusion: 2 vampire mosquitoes


Innate Abilities, Weirdness & Mutations

You are a venomous arachnid creature.
You have poisonous fangs.
You are tiny and dextrous.
Your spellcasting is less reliable in this form.
Your armour is entirely melded.
You are incapable of wielding weapons or throwing items.
You cannot wear most types of armour.
((You are amphibious.))
You can wear up to eight rings at the same time.
((Your skin changes colour to match your surroundings (Stealth+).))
((Your rubbery body absorbs attacks. (AC +1, EV +1)))
((You are camouflaged when in or above water. (Stealth+)))
((You have tentacles for arms and can constrict up to eight enemies at once.))


Message History

As you open the door, it creaks loudly!
A two-headed ogre comes into view.
It is wielding a +0 giant club and a +0 giant spiked club.
The two-headed ogre shouts in stereo!
There is an open door here.
A two-headed ogre is nearby!
A two-headed ogre is nearby!
Casting: Spider Form (dangerous; 2% risk of failure)
Confirm with . or Enter, or press ? or * to list all spells.
You turn into a venomous arachnid creature.
You hit the two-headed ogre.
The two-headed ogre is poisoned.
The two-headed ogre is lightly wounded.
The two-headed ogre misses you. The two-headed ogre closely misses you.
You hit the two-headed ogre.
The two-headed ogre is lightly wounded.
You hit the two-headed ogre.
The two-headed ogre looks as sick as possible!
The two-headed ogre is moderately wounded.
The two-headed ogre closely misses you. The two-headed ogre misses you.
You bite the two-headed ogre!
The two-headed ogre looks as sick as possible!
The two-headed ogre is heavily wounded.
You hit the two-headed ogre.
The two-headed ogre looks as sick as possible!
The two-headed ogre is heavily wounded.
The two-headed ogre hits you with a +0 giant club!!
The two-headed ogre closely misses you.
You completely miss the two-headed ogre.
The two-headed ogre is severely wounded.
You bite the two-headed ogre!
The two-headed ogre looks as sick as possible!
The two-headed ogre is almost dead.
The two-headed ogre hits you with a +0 giant club!!
* * * LOW HITPOINT WARNING * * *
The two-headed ogre misses you.
The two-headed ogre attacks as you move away!
The two-headed ogre hits you with a +0 giant club!
* * * LOW HITPOINT WARNING * * *
The two-headed ogre hits you with a +0 giant spiked club!!
You die...
Your body crumbles into a pile of gold.

...... ..... ..# ....# #.#
#...# #.# $ . #...# #.# $ #..
#...# #)# $ #.. #...# #.# $
#..#######...#####.#
###..........s.......########
#........###O#####..........##
#........#.......#.######....#
#........#.......#.#....'.....
#........#.......#.#....##....
#........#.......#.#.....#....
#........#########.#.....#....
#####..............#.....+....
#.######+##....####+##....


You could see a two-headed ogre (extremely poisoned).

Vanquished Creatures
  A two-headed ogre (D:9)
  A troll (D:9)
  2 hornets
  A shadow (D:8)
  22 yaks
  A wraith (D:8)
  3 acid dragons
  2 water moccasins
  12 orc warriors
  An ice beast (D:5)
  A black bear (D:6)
  2 sky beasts
  3 centaurs
  4 bullfrogs
  2 kobold brigands (D:8)
  3 necrophages
  4 scorpions (D:6)
  13 killer bees
  2 vampire bats (D:5)
  2 howler monkeys (D:9)
  A jelly (D:6)
  3 orc priests
  A gnoll bouda (D:10)
  4 iguanas
  6 orc wizards
  5 gnolls (D:10)
  5 adders
  3 shadow imps
  2 worms
  A dart slug (D:3)
  65 orcs
  5 bats
  3 bat skeletons (D:5)
  2 bat zombies (D:5)
  4 endoplasms
  7 hobgoblins
  11 kobolds
  2 quokkas
  7 ball pythons
  2 frilled lizards
  4 goblins
  7 rats
232 creatures vanquished.

Vanquished Creatures (collateral kills)
  2 killer bees (D:9)
  An orc (D:6)
3 creatures vanquished.

Grand Total: 235 creatures vanquished

Notes
Turn   | Place    | Note
-------+----------+-------------------------------------------
     0 | D:1      | H0rd4k the Octopode Transmuter began the quest for the Orb.
     0 | D:1      | Reached XP level 1. HP: 13/13 MP: 3/3
   687 | D:1      | Reached XP level 2. HP: 18/18 MP: 5/5
  1400 | D:2      | Found Imumirer's Book Shoppe.
  1504 | D:2      | Reached XP level 3. HP: 23/23 MP: 6/6
  1700 | D:3      | Found a faded altar of an unknown god.
  1956 | D:3      | Reached XP level 4. HP: 27/28 MP: 7/7
  2554 | D:3      | Found a glowing silver altar of Zin.
  2554 | D:3      | Noticed an angel
  2708 | D:3      | Noticed Terence
  2879 | D:4      | Found a hide-covered altar of Uskayaw.
  2887 | D:4      | Reached skill level 4 in Unarmed Combat
  2910 | D:4      | Noticed a +0 hand axe
  2910 | D:4      | Noticed a +0 hand axe
  3014 | D:4      | Noticed a bullfrog
  3024 | D:4      | Killed a bullfrog
  3025 | D:4      | Reached XP level 5. HP: 23/33 MP: 6/8
  3177 | D:4      | Reached skill level 5 in Unarmed Combat
  3285 | D:4      | Identified the +0 leather armour "Otemn" {Stlth+}
  3307 | D:4      | Reached XP level 6. HP: 38/38 MP: 9/9
  3312 | D:4      | Found a bloodstained altar of Trog.
  3481 | D:4      | Found a staircase to the Ecumenical Temple.
  3567 | Temple   | Entered the Ecumenical Temple
  3610 | Temple   | Became a worshipper of Gozag Ym Sagoz the Greedy
  3637 | D:5      | Entered Level 5 of the Dungeon
  3652 | D:5      | Noticed an ice beast
  3774 | D:5      | Found a shimmering blue altar of Sif Muna.
  3932 | D:5      | Learned a level 3 spell: Swiftness
  4137 | D:5      | Identified the +8 plate armour of the Monk {rElec rCorr
                  | Int+3}
  4173 | D:5      | Found an ancient bone altar of Kikubaaqudgha.
  4341 | D:5      | Reached XP level 7. HP: 22/44 MP: 9/11
  4348 | D:5      | Reached skill level 6 in Unarmed Combat
  4348 | D:5      | Reached skill level 1 in Air Magic
  5823 | D:6      | Found Denom's Lightly-Used Armoury.
  5865 | D:6      | Reached XP level 8. HP: 32/50 MP: 13/13
  5944 | D:6      | Reached skill level 7 in Unarmed Combat
  6156 | D:6      | Learned a level 3 spell: Spider Form
  6588 | D:7      | Reached skill level 1 in Poison Magic
  6784 | D:7      | Reached XP level 9. HP: 36/54 MP: 13/16
  6853 | D:7      | Found a runed translucent door.
  6854 | D:7      | Noticed Crazy Yiuf
  7067 | D:7      | Noticed a hornet
  7078 | D:7      | Killed a hornet
  7079 | D:7      | Reached skill level 5 in Spellcasting
  7570 | D:7      | Reached skill level 8 in Unarmed Combat
  7889 | D:8      | Reached skill level 5 in Transmutations
  7987 | D:8      | Found a snail-covered altar of Cheibriados.
  8011 | D:8      | Found a transporter.
  8029 | D:8      | Found a staircase to the Lair.
  8030 | D:8      | Reached skill level 5 in Dodging
  8110 | D:8      | Reached skill level 9 in Unarmed Combat
  8121 | D:8      | Reached XP level 10. HP: 53/61 MP: 15/19
  8294 | D:8      | Found a flagged portal.
  8307 | Bailey   | Entered a bailey
  8342 | Bailey   | Learned a level 1 spell: Shock
  8346 | Bailey   | Learned a level 3 spell: Inner Flame
  8425 | Bailey   | Upgraded the game from 0.29.1-1-gd02db6906a to
                  | 0.29.1-2-gbd0b4ee654
  8631 | Bailey   | HP: 2/61 [orc warrior/+0 glaive (9)]
  8864 | Bailey   | Reached skill level 1 in Conjurations
  9120 | D:8      | Reached skill level 1 in Hexes
  9247 | Lair:1   | Entered Level 1 of the Lair of Beasts
  9448 | D:8      | Found a transporter.
  9718 | D:9      | Reached skill level 10 in Unarmed Combat
  9822 | D:9      | Found a glowing golden altar of the Shining One.
  9902 | D:9      | HP: 3/63 [poisoned by a killer bee]
  9903 | D:9      | Reached XP level 11. HP: 3/67 MP: 16/21
 10746 | D:9      | Noticed a two-headed ogre
 10767 | D:9      | Killed a two-headed ogre
 10926 | D:10     | Entered Level 10 of the Dungeon
 10926 | D:10     | Found a burning altar of Makhleb.
 11079 | D:10     | Reached skill level 11 in Unarmed Combat
 11225 | D:10     | Found a staircase to the Orcish Mines.
 11251 | D:10     | Reached skill level 5 in Poison Magic
 11505 | D:10     | Noticed a two-headed ogre
 11515 | D:10     | Demolished by a two-headed ogre

Illustrated notes

Levels and vault maps discovered:
D:1:      kennysheep_arrival_forest, layout_loops_ring, serial_bayou_lagoon_b
D:2:      layout_loops_cross, serial_shops, nicolae_shop_behind_doors,
          kennysheep_doodads
D:3:      layout_basic, zin_angel, ebering_ecumenical_altar_ruins, uniq_terence
D:4:      layout_rooms, trog_butcher_becter, dancing_weapons_uskayaw,
          minmay_temple_entry_hall
D:5:      layout_layer_cave, mainiacjoe_overflow_boulevard,
          kennysheep_vampire_church, grunt_decor_arrowhead
D:6:      layout_gridville, minmay_shop_damaged
D:7:      layout_gridville, nicolae_lava_and_water, uniq_crazy_yiuf_cottage
D:8:      gammafunk_beogh_shrine, layout_loops_ring, lemuel_doored_altar,
          enter_bailey_4
D:9:      layout_gridville, general_overflow_altar, special_room
          [special_room_orc]
D:10:     minmay_polygon_palace, layout_irregular_city,
          mainiacjoe_overflow_catwalk, orc_0_dummy, serial_shops, shop
Temple:   jpeg_temple_clearing
Lair:1:   layout_long_grid, nzn_ghost_randoct

Skill      XL: |  1  2  3  4  5  6  7  8  9 10 11 |
---------------+----------------------------------+-----
Unarmed Combat | 4 5 6 7 9 10 11 | 11.1
Dodging        | 3 4 5 6 |  6.3
Transmutations | 3 4 5 6 7 |  7.0
Spellcasting   | 3 4 6 7 |  7.1
Air Magic      | 1 2 |  2.9
Fighting       | 2 3 |  3.4
Poison Magic   | 2 3 4 5 |  5.1
Conjurations   | 2 |  2.8
Hexes          | 2 |  2.0
Evocations     | |  0.5

Action                   |  1- 3 |  4- 6 |  7- 9 | 10-12 || total
-------------------------+-------+-------+-------+-------++-------
Melee: Unarmed           |    64 |   113 |   268 |   338 ||   783
       Constrict         |    16 |    27 |    25 |     7 ||    75
       Tentacles         |    12 |    29 |    30 |     5 ||    76
       Kick              |     3 |    21 |    27 |       ||    51
       Punch             |       |     7 |     9 |     1 ||    17
 Cast: Beastly Appendage |     1 |    11 |    10 |       ||    22
       Spider Form       |       |       |    15 |    29 ||    44
       Swiftness         |       |       |     3 |     1 ||     4
       Shock             |       |       |       |    10 ||    10
Evoke: Wand              |       |       |     2 |     6 ||     8
  Use: Potion            |     2 |       |     1 |     1 ||     4
       Scroll            |       |       |       |    14 ||    14
 Stab: Sleeping          |    10 |     5 |     3 |     1 ||    19
Armor: Skin              |     9 |    30 |    40 |    20 ||    99
Dodge: Dodged            |    36 |    66 |   183 |   315 ||   600
